TOP OF THE 1ST |
Fresno HS Red Wings batting - Pitching for H.H. Dow HS Chargers : RHP Vince Chappell
|
Pitching: RHP Vince Chappell
|
|
Batting: RHB Chris Osborn
|
0-0: Swinging Strike 0-1: Ball 1-1: Reached on error, E6 (Groundball, 6)
|
Batting: LHB Jack Mitchell
|
0-0: Foul Ball, location: 2F 0-1: Called Strike 0-2: Strikes out swinging
|
Batting: RHB Jack Hogan
|
0-0: Ball 1-0: Ball 2-0: Ball 3-0: Base on Balls Chris Osborn to second
|
Batting: RHB Juan Bruno
|
0-0: Foul Ball, location: 2F 0-1: Ball 1-1: Foul Ball, location: 2F 1-2: Ground out 5-3 (Groundball, 56S) Chris Osborn to third Jack Hogan to second
|
Batting: RHB Ward Dempsey
|
0-0: Ball 1-0: Ball Wild Pitch! Chris Osborn scores Jack Hogan to third 2-0: Called Strike 2-1: Ball 3-1: Fly out, F6 (Line Drive, 6)
|
Top of the 1st over - 1 run(s), 0 hit(s), 1 error(s), 1 left on base; Fresno HS 1 - H.H. Dow HS 0 |
BOTTOM OF THE 1ST |
H.H. Dow HS Chargers batting - Pitching for Fresno HS Red Wings : RHP Jake Gregory
|
Pitching: RHP Jake Gregory
|
|
Batting: RHB Mario Ramírez
|
0-0: Called Strike 0-1: Ball 1-1: Ball 2-1: Ball 3-1: SINGLE (Groundball, 4M)
|
Batting: LHB Steven Gregory
|
0-0: Ball 1-0: Called Strike 1-1: Ball 2-1: Swinging Strike 2-2: TRIPLE (Line Drive, 56D) Mario Ramírez scores
|
Batting: LHB T.J. Richardson
|
0-0: Ball 1-0: Foul Ball, location: 2F 1-1: SINGLE (Groundball, 15S) (infield hit) Steven Gregory scores
|
Batting: RHB Joe Wiggs
|
0-0: Ball 1-0: Ball 2-0: Called Strike 2-1: Ground out U3 (Groundball, 3S) T.J. Richardson to second
|
Batting: LHB Foster Clark
|
0-0: Called Strike T.J. Richardson steals 3rd base 0-1: 2-RUN HOME RUN (Flyball, 8LXD), Distance : 440 ft
|
Batting: LHB Bob Coztana
|
0-0: Ball 1-0: Ball 2-0: Ground out U3 (Groundball, 3S)
|
Batting: RHB Greg Scott
|
0-0: Called Strike 0-1: Ball 1-1: Swinging Strike 1-2: Strikes out swinging
|
Bottom of the 1st over - 4 run(s), 4 hit(s), 0 error(s), 0 left on base; Fresno HS 1 - H.H. Dow HS 4 |
TOP OF THE 2ND |
Fresno HS Red Wings batting - Pitching for H.H. Dow HS Chargers : RHP Vince Chappell
|
Batting: RHB Bobby Burks
|
0-0: Foul Ball, location: 2F 0-1: Ball 1-1: Ball 2-1: Ball 3-1: Foul Ball, location: 2F 3-2: Foul Ball, location: 2F 3-2: Foul Ball, location: 2F 3-2: Foul Ball, location: 2F 3-2: Ground out 6-3 (Groundball, 6)
|
Batting: RHB Drew Rice
|
0-0: Ball 1-0: Foul Ball, location: 2F 1-1: Ball 2-1: Foul Ball, location: 2F 2-2: Foul Ball, location: 2F 2-2: SOLO HOME RUN (Flyball, 78XD), Distance : 432 ft
|
Batting: LHB Julián Echevarría
|
0-0: Called Strike 0-1: Ball 1-1: Foul Ball, location: 2F 1-2: Ground out 6-3 (Groundball, 6)
|
Batting: RHB Harvey Willis
|
0-0: Ball 1-0: Called Strike 1-1: Ball 2-1: Ball 3-1: Swinging Strike 3-2: Ground out 6-3 (Groundball, 6)
|
Top of the 2nd over - 1 run(s), 1 hit(s), 0 error(s), 0 left on base; Fresno HS 2 - H.H. Dow HS 4 |
BOTTOM OF THE 2ND |
H.H. Dow HS Chargers batting - Pitching for Fresno HS Red Wings : RHP Jake Gregory
|
Batting: RHB Michael Ray
|
0-0: Ground out 4-3 (Groundball, 4)
|
Batting: RHB Keith Olson
|
0-0: Called Strike 0-1: Swinging Strike 0-2: Ball 1-2: Ball 2-2: Foul Ball, location: 2F 2-2: Foul Ball, location: 2F 2-2: Ball 3-2: Base on Balls
|
Batting: RHB Mario Ramírez
|
0-0: Ball 1-0: Ball Keith Olson steals 2nd base 2-0: Foul Ball, location: 2F 2-1: Swinging Strike 2-2: Ball 3-2: Base on Balls
|
Batting: LHB Steven Gregory
|
0-0: Ball 1-0: SINGLE (Groundball, 4MD) Keith Olson to third Mario Ramírez to second
|
Batting: LHB T.J. Richardson
|
0-0: Ball 1-0: Called Strike 1-1: Ball 2-1: DOUBLE (Line Drive, 34D) Keith Olson scores Mario Ramírez scores Steven Gregory to third
|
Batting: RHB Joe Wiggs
|
0-0: Ball 1-0: Swinging Strike 1-1: Swinging Strike 1-2: SINGLE (Flyball, 89S) Steven Gregory scores T.J. Richardson to third
|
Batting: LHB Foster Clark
|
0-0: Fly out, F8 (Flyball, 8RM) Runner from 3rd tags up, SCORES, no throw
|
Batting: LHB Bob Coztana
|
0-0: Ball 1-0: Ball 2-0: Called Strike 2-1: Called Strike 2-2: Ball 3-2: Hit by Pitch Joe Wiggs to second
|
Pitching: RHP Richard McGinnity
|
|
Batting: RHB Greg Scott
|
0-0: Ball 1-0: Swinging Strike 1-1: Ball 2-1: Fly out, F8 (Flyball, 8RM)
|
Bottom of the 2nd over - 4 run(s), 3 hit(s), 0 error(s), 2 left on base; Fresno HS 2 - H.H. Dow HS 8 |
TOP OF THE 3RD |
Fresno HS Red Wings batting - Pitching for H.H. Dow HS Chargers : RHP Vince Chappell
|
Batting: RHB Chris Osborn
|
0-0: Ground out 1-3 (Groundball, 34S)
|
Batting: LHB Jack Mitchell
|
0-0: Called Strike 0-1: Ground out 4-3 (Groundball, 4)
|
Batting: RHB Jack Hogan
|
0-0: Called Strike 0-1: Ball 1-1: Called Strike 1-2: Ball 2-2: Foul Ball, location: 2F 2-2: SINGLE (Line Drive, 56)
|
Batting: RHB Juan Bruno
|
0-0: Foul Ball, location: 2F 0-1: Ball 1-1: Ball 2-1: Ball 3-1: Fly out, F4 (Popup, 4MD)
|
Top of the 3rd over - 0 run(s), 1 hit(s), 0 error(s), 1 left on base; Fresno HS 2 - H.H. Dow HS 8 |
BOTTOM OF THE 3RD |
H.H. Dow HS Chargers batting - Pitching for Fresno HS Red Wings : RHP Richard McGinnity
|
Batting: RHB Michael Ray
|
0-0: Foul Ball, location: 2F 0-1: Ball 1-1: Ground out 3-1 (Groundball, 34)
|
Batting: RHB Keith Olson
|
0-0: Called Strike 0-1: Ball 1-1: Fly out, F8 (Flyball, 8LM)
|
Batting: RHB Mario Ramírez
|
0-0: Foul Ball, location: 2F 0-1: Reached on error, E6 (Groundball, 6)
|
Batting: LHB Steven Gregory
|
0-0: Called Strike 0-1: SINGLE (Groundball, 34) Mario Ramírez to second Throwing error, E9 Mario Ramírez scores Steven Gregory to second
|
Batting: LHB T.J. Richardson
|
0-0: Called Strike 0-1: Foul Ball, location: 2F 0-2: SINGLE (Flyball, 6MD) Steven Gregory to third Runner from 3rd tries for Home, SAFE, no throw or cutoff
|
Batting: RHB Joe Wiggs
|
0-0: Ball 1-0: Ball 2-0: Foul Ball, location: 2F 2-1: Fly out, F3 (Popup, 3F)
|
Bottom of the 3rd over - 2 run(s), 2 hit(s), 2 error(s), 1 left on base; Fresno HS 2 - H.H. Dow HS 10 |
TOP OF THE 4TH |
Fresno HS Red Wings batting - Pitching for H.H. Dow HS Chargers : RHP Vince Chappell
|
Batting: RHB Ward Dempsey
|
0-0: Ball 1-0: Ball 2-0: Called Strike 2-1: Swinging Strike 2-2: SINGLE (Line Drive, 56)
|
Batting: RHB Bobby Burks
|
0-0: Called Strike 0-1: Foul Ball, location: 2F 0-2: Ball Passed Ball! Ward Dempsey to second 1-2: Ground out 6-3 (Groundball, 6M) Ward Dempsey to third
|
Batting: RHB Drew Rice
|
0-0: Swinging Strike 0-1: Ball 1-1: Foul Ball, location: 2F 1-2: Fly out, F8 (Flyball, 8RS)
|
Batting: LHB Julián Echevarría
|
0-0: Called Strike 0-1: Ball 1-1: Swinging Strike 1-2: Ball 2-2: Ball 3-2: Foul Ball, location: 2F 3-2: Strikes out swinging
|
Top of the 4th over - 0 run(s), 1 hit(s), 0 error(s), 1 left on base; Fresno HS 2 - H.H. Dow HS 10 |
BOTTOM OF THE 4TH |
H.H. Dow HS Chargers batting - Pitching for Fresno HS Red Wings : RHP Richard McGinnity
|
Batting: LHB Foster Clark
|
0-0: Called Strike 0-1: Foul Ball, location: 2F 0-2: Ball 1-2: Ground out 1-3 (Groundball, 15)
|
Batting: LHB Bob Coztana
|
0-0: Ball 1-0: Foul Ball, location: 2F 1-1: Fly out, F7 (Flyball, 7M)
|
Batting: RHB Greg Scott
|
0-0: Ball 1-0: Called Strike 1-1: Foul Ball, location: 2F 1-2: Ball 2-2: Ball 3-2: Base on Balls
|
Batting: RHB Michael Ray
|
0-0: Called Strike 0-1: Fly out, F9 (Flyball, 89M)
|
Bottom of the 4th over - 0 run(s), 0 hit(s), 0 error(s), 1 left on base; Fresno HS 2 - H.H. Dow HS 10 |
TOP OF THE 5TH |
Fresno HS Red Wings batting - Pitching for H.H. Dow HS Chargers : RHP Vince Chappell
|
Batting: RHB Harvey Willis
|
0-0: Ground out 5-3 (Groundball, 56)
|
Batting: RHB Chris Osborn
|
0-0: Ball 1-0: Foul Ball, location: 2F 1-1: Called Strike 1-2: Foul Ball, location: 2F 1-2: SINGLE (Line Drive, 7S)
|
Pitching: RHP Juan Martínez
|
|
Batting: LHB Jack Mitchell
|
0-0: Ball 1-0: Ball 2-0: Called Strike 2-1: Foul Ball, location: 2F 2-2: Foul Ball, location: 2F 2-2: Foul Ball, location: 2F 2-2: Strikes out swinging
|
Batting: RHB Jack Hogan
|
0-0: Ball Chris Osborn is caught stealing 2nd base
|
Top of the 5th over - 0 run(s), 1 hit(s), 0 error(s), 0 left on base; Fresno HS 2 - H.H. Dow HS 10 |
BOTTOM OF THE 5TH |
H.H. Dow HS Chargers batting - Pitching for Fresno HS Red Wings : RHP Richard McGinnity
|
Batting: RHB Keith Olson
|
0-0: Called Strike 0-1: Ball 1-1: Called Strike 1-2: Ball 2-2: Foul Ball, location: 2F 2-2: SINGLE (Groundball, 56D)
|
Batting: RHB Mario Ramírez
|
0-0: Ball 1-0: Called Strike 1-1: Called Strike 1-2: Foul Ball, location: 2F 1-2: Fly out, F9 (Line Drive, 89M)
|
Batting: LHB Steven Gregory
|
0-0: Called Strike 0-1: Fly out, F6 (Popup, 56)
|
Batting: LHB T.J. Richardson
|
0-0: Ground out 3-1 (Groundball, 34)
|
Bottom of the 5th over - 0 run(s), 1 hit(s), 0 error(s), 1 left on base; Fresno HS 2 - H.H. Dow HS 10 |
TOP OF THE 6TH |
Fresno HS Red Wings batting - Pitching for H.H. Dow HS Chargers : RHP Juan Martínez
|
Batting: RHB Jack Hogan
|
0-0: Ball 1-0: Ball 2-0: Called Strike 2-1: Swinging Strike 2-2: Ball 3-2: Foul Ball, location: 2F 3-2: Strikes out swinging
|
Batting: RHB Juan Bruno
|
0-0: Fly out, F7 (Flyball, 78M)
|
Batting: RHB Ward Dempsey
|
0-0: Swinging Strike 0-1: Swinging Strike 0-2: Ball 1-2: Strikes out swinging
|
Top of the 6th over - 0 run(s), 0 hit(s), 0 error(s), 0 left on base; Fresno HS 2 - H.H. Dow HS 10 |
BOTTOM OF THE 6TH |
H.H. Dow HS Chargers batting - Pitching for Fresno HS Red Wings : RHP Richard McGinnity
|
Batting: RHB Joe Wiggs
|
0-0: Ground out 5-3 (Groundball, 5S)
|
Pitching: RHP Gabriel García
|
|
Batting: LHB Foster Clark
|
0-0: Ball 1-0: Called Strike 1-1: SOLO HOME RUN (Flyball, 89XD), Distance : 417 ft
|
Batting: LHB Bob Coztana
|
0-0: Ball 1-0: Ground out 4-3 (Groundball, 4)
|
Batting: RHB Greg Scott
|
0-0: Ball 1-0: Ball 2-0: Fly out, F9 (Flyball, 9M)
|
Bottom of the 6th over - 1 run(s), 1 hit(s), 0 error(s), 0 left on base; Fresno HS 2 - H.H. Dow HS 11 |
TOP OF THE 7TH |
Fresno HS Red Wings batting - Pitching for H.H. Dow HS Chargers : RHP Juan Martínez
|
Batting: RHB Bobby Burks
|
0-0: Called Strike 0-1: Called Strike 0-2: Ball 1-2: Strikes out looking
|
Pitching: LHP Russell Bailey
|
|
Batting: RHB Drew Rice
|
0-0: Called Strike 0-1: Foul Ball, location: 2F 0-2: Ground out 6-3 (Groundball, 6)
|
Batting: LHB Julián Echevarría
|
0-0: Ground out U3 (Groundball, 3S)
|
Top of the 7th over - 0 run(s), 0 hit(s), 0 error(s), 0 left on base; Fresno HS 2 - H.H. Dow HS 11 |
BOTTOM OF THE 7TH |
H.H. Dow HS Chargers batting - Pitching for Fresno HS Red Wings : RHP Gabriel García
|
Batting: RHB Michael Ray
|
0-0: Ball 1-0: Foul Ball, location: 2F 1-1: Swinging Strike 1-2: Strikes out swinging
|
Batting: RHB Keith Olson
|
0-0: Ball 1-0: Ground out 5-3 (Groundball, 56)
|
Batting: RHB Mario Ramírez
|
0-0: Ground out 5-3 (Groundball, 56)
|
Bottom of the 7th over - 0 run(s), 0 hit(s), 0 error(s), 0 left on base; Fresno HS 2 - H.H. Dow HS 11 |
TOP OF THE 8TH |
Fresno HS Red Wings batting - Pitching for H.H. Dow HS Chargers : LHP Russell Bailey
|
Batting: RHB Harvey Willis
|
0-0: Called Strike 0-1: Hit by Pitch
|
Batting: RHB Chris Osborn
|
0-0: Ball 1-0: Foul Ball, location: 2F 1-1: Foul Ball, location: 2F 1-2: Ball 2-2: Foul Ball, location: 2F 2-2: Ball 3-2: Base on Balls Harvey Willis to second
|
Batting: LHB Jack Mitchell
|
0-0: Foul Ball, location: 2F 0-1: Swinging Strike 0-2: Ball 1-2: Foul Ball, location: 2F 1-2: Ball 2-2: Ball 3-2: Base on Balls Harvey Willis to third Chris Osborn to second
|
Batting: RHB Jack Hogan
|
0-0: Ball 1-0: Called Strike 1-1: Ball 2-1: Ball 3-1: Grounds into double play, 6-4-3 (Groundball, 6) Harvey Willis scores Chris Osborn to third
|
Batting: RHB Juan Bruno
|
0-0: Called Strike 0-1: Swinging Strike 0-2: Ball 1-2: Ball 2-2: Foul Ball, location: 2F 2-2: Ball 3-2: Base on Balls
|
Batting: RHB Ward Dempsey
|
0-0: Ball 1-0: Ball 2-0: Foul Ball, location: 2F 2-1: Foul Ball, location: 2F 2-2: SINGLE (Groundball, 4M) Chris Osborn scores Juan Bruno to second
|
Batting: RHB Bobby Burks
|
0-0: Foul Ball, location: 2F 0-1: Foul Ball, location: 2F 0-2: Ball 1-2: Ball 2-2: Foul Ball, location: 2F 2-2: Strikes out swinging
|
Top of the 8th over - 2 run(s), 1 hit(s), 0 error(s), 2 left on base; Fresno HS 4 - H.H. Dow HS 11 |
BOTTOM OF THE 8TH |
H.H. Dow HS Chargers batting - Pitching for Fresno HS Red Wings : RHP Gabriel García
|
Batting: LHB Steven Gregory
|
0-0: Foul Ball, location: 2F 0-1: Foul Ball, location: 2F 0-2: Strikes out swinging
|
Pitching: RHP David Tuttle
|
|
Batting: LHB T.J. Richardson
|
0-0: Foul Ball, location: 2F 0-1: Ball 1-1: SINGLE (Line Drive, 4D)
|
Batting: RHB Joe Wiggs
|
0-0: Called Strike 0-1: Ball 1-1: Ball 2-1: Fly out, F8 (Flyball, 8RM)
|
Batting: LHB Foster Clark
|
0-0: Ball 1-0: Ball 2-0: SINGLE (Flyball, 8LS) T.J. Richardson to second Runner from 2nd tries for 3rd, SAFE, no throw or cutoff
|
Batting: LHB Bob Coztana
|
0-0: Ground out 3-1 (Groundball, 34)
|
Bottom of the 8th over - 0 run(s), 2 hit(s), 0 error(s), 2 left on base; Fresno HS 4 - H.H. Dow HS 11 |
TOP OF THE 9TH |
Fresno HS Red Wings batting - Pitching for H.H. Dow HS Chargers : LHP Russell Bailey
|
Batting: RHB Drew Rice
|
0-0: Ball 1-0: Ball 2-0: Ball 3-0: Base on Balls
|
Batting: LHB Julián Echevarría
|
0-0: Swinging Strike 0-1: Swinging Strike 0-2: Foul Ball, location: 2F 0-2: Fielders Choice at 2nd, 4-6 (Groundball, 4)
|
Pitching: RHP Albert Holcomb
|
|
Batting: RHB Harvey Willis
|
0-0: Ball 1-0: Called Strike 1-1: Ball 2-1: Ball 3-1: Base on Balls Julián Echevarría to second
|
Batting: RHB Chris Osborn
|
0-0: Ball 1-0: Ball 2-0: Ball 3-0: Base on Balls Julián Echevarría to third Harvey Willis to second
|
Batting: LHB Jack Mitchell
|
0-0: Foul Ball, location: 2F 0-1: Ball 1-1: Called Strike 1-2: Foul Ball, location: 2F 1-2: Foul Ball, location: 2F 1-2: Strikes out looking
|
Batting: RHB Jack Hogan
|
0-0: Swinging Strike 0-1: Ball 1-1: Ball 2-1: Ball 3-1: Base on Balls Julián Echevarría scores Harvey Willis to third Chris Osborn to second
|
Batting: RHB Juan Bruno
|
0-0: Ball 1-0: Ball 2-0: Ball 3-0: Base on Balls Harvey Willis scores Chris Osborn to third Jack Hogan to second
|
Pitching: RHP Brad Hughes
|
|
Batting: RHB Ward Dempsey
|
0-0: Fly out, F6 (Popup, 56D)
|
Top of the 9th over - 2 run(s), 0 hit(s), 0 error(s), 3 left on base; Fresno HS 6 - H.H. Dow HS 11 |
|